 Dungeon Crawl Stone Soup version 0.28-a0-1234-g826d19b2e0 (webtiles) character file.

Game seed: 17117001746758395358

207 ReploidZero the Magician (level 6, -1/40 HPs)
             Began as a Djinni Conjurer on Dec 24, 2021.
             Was a Follower of Cheibriados.
             Slain by a sky beast (3 damage)
             ... on level 3 of the Dungeon.
             The game lasted 00:10:18 (3644 turns).

ReploidZero the Magician (Djinni Conjurer)          Turns: 3644, Time: 00:10:19

Health: -1/40      AC:  2    Str:  9    XL:     6   Next: 10%
Gold:   149        EV: 12    Int: 25    God:    Cheibriados [*.....] SH:  0 Dex: 14

rFire   + + +      SeeInvis .   c - +2 dagger (venom)
rCold   . . .      Faith    .   (no shield)
rNeg    . . .      Spirit   .   a - +0 robe
rPois   ∞          Reflect  .   (no helmet)
rElec   +          Harm     .   (no cloak)
rCorr   +          Rampage  .   (no gloves)
Will    .....                   (boots unavailable)
Stlth   ++........              (no amulet)
HPRegen 0.13/turn               (no ring)
MPRegen 0.00/turn               (no ring)

@: mighty, resistant, flying, very slow
A: sickness immunity, fire resistance 2, cold vulnerability 1, float, innate
caster, hp casting, extra vitality 1
a: Renounce Religion, Bend Time


You were on level 3 of the Dungeon.
You worshipped Cheibriados.
Cheibriados was aware of your devotion.
You visited 1 branch of the dungeon, and saw 3 of its levels.

You collected 149 gold pieces.

Inventory:

Hand Weapons
 c - a +2 dagger of venom (weapon)
Armour
 a - a +0 robe (worn)
Jewellery
 h - a ring of protection from fire
Scrolls
 b - 2 scrolls of teleportation {unknown}
 d - a scroll of enchant armour {unknown}
 e - a scroll of summoning {unknown}
 g - a scroll of amnesia {unknown}
 i - 2 scrolls of acquirement {unknown}
 j - 3 scrolls of blinking {unknown}
 n - a scroll of fog {unknown}
 o - a scroll of enchant weapon {unknown}
Potions
 f - a potion of might
 k - a potion of mutation {unknown}
 l - a potion of heal wounds {unknown}
 m - a potion of resistance


   Skills:
 - Level 2.5 Dodging
 - Level 2.0 Stealth
 + Level 5.2 Spellcasting


You couldn't memorise any spells.
You knew the following spells:

 Your Spells              Type           Power      Damage    Failure   Level
a - Magic Dart            Conj           100%       1d8       1%          1
b - Searing Ray           Conj           64%        2d6       1%          2
c - Dazzling Flash        Conj/Hex       64%        N/A       2%          3
d - Fulminant Prism       Conj/Hex       16%        3d11      10%         4
e - Iskenderun's Mystic   Conj/Tloc      32%        2d8       10%         4
f - Summon Small Mammal   Summ           100%       N/A       1%          1
g - Ensorcelled Hibernat  Hex/Ice        64%        N/A       1%          2
Your spell library was empty.

Dungeon Overview and Level Annotations

Branches:
Dungeon (3/15)

Altars:
Cheibriados


Innate Abilities, Weirdness & Mutations

You are immune to sickness and miasma.
You are immune to poison.
Your flesh is very heat resistant. (rF++)
You are vulnerable to cold. (rC-)
You float through the air rather than walking.
You learn spells naturally, not from books.
Your magical power is your life essence.
You have superior vitality. (+4 MHP)


Message History

You feel very mighty all of a sudden. The sky beast closely misses you.
It was a potion of resistance.
You feel protected. The sky beast hits you.
* * * LOW HITPOINT WARNING * * *
The sky beast shocks you. You resist.
* * * LOW HITPOINT WARNING * * *
Your magical contamination has completely faded away.
Casting: Searing Ray (safe; 1% risk of failure)
Confirm with . or Enter, or press ? or * to list all spells.
Aiming: Searing Ray (safe; 1% risk of failure)
Press: ? - help, Shift-Dir - straight line, f - sky beast
Aim: a sky beast (lightly wounded, 73% to hit)
The searing ray hits the sky beast!
The sky beast is heavily wounded.
The searing ray misses the hobgoblin. (Press . to maintain the ray.)
* * * LOW HITPOINT WARNING * * *
The sky beast completely misses you.
The searing ray hits the sky beast.
The sky beast is heavily wounded.
The searing ray hits the hobgoblin!
You kill the hobgoblin!
Cheibriados appreciates the change of pace.
* * * LOW HITPOINT WARNING * * *
The sky beast hits you.
* * * LOW HITPOINT WARNING * * *
The sky beast shocks you. You resist.
* * * LOW HITPOINT WARNING * * *
The searing ray hits the sky beast.
The sky beast is severely wounded.
* * * LOW HITPOINT WARNING * * *
The sky beast barely misses you.
The searing ray hits the sky beast!
The sky beast is almost dead.
* * * LOW HITPOINT WARNING * * *
You finish channelling your searing ray.
The sky beast hits you.
You die...

.##..##.####
#......##.......# .....##.#
#......##.÷.....# #..#.##.#
#......##.......# ...#.#..#
#.>....#........# ..##.#)##
#......#†######## ...#...#
#....##†)##..## .#......
#....#........## ........
#.###..........# ####..##.
#@# #...>......# ......##..
##Y####........## ##.÷..#
#.# #.[...#........# #
.#..##..####...##..........#
#
##...#...#...###...........#
# #..##.....####........#.#
# #####...........##..##..##
.............####
##...#..###.#


You could see a sky beast.

Vanquished Creatures
  A water moccasin zombie (D:3)
  Terence (D:2)
  6 adders
  A worm (D:2)
  A dart slug (D:1)
  6 bats
  13 endoplasms
  4 goblins
  4 hobgoblins
  2 jackals (D:3)
  3 quokkas
  5 ball pythons
  3 frilled lizards
  6 giant cockroaches
  2 kobolds (D:1)
  6 rats
64 creatures vanquished.

Vanquished Creatures (others)
  3 fungi (D:2)
  9 plants (D:2)
12 creatures vanquished.

Grand Total: 76 creatures vanquished

Notes
Turn   | Place    | Note
-------+----------+-------------------------------------------
     0 | D:1      | ReploidZero the Djinni Conjurer began the quest for the
                  | Orb.
     0 | D:1      | Reached XP level 1. HP: 15/15 MP: 0/0
   285 | D:1      | Reached XP level 2. HP: 19/21 MP: 0/0
   846 | D:1      | Reached XP level 3. HP: 22/25 MP: 0/0
   846 | D:1      | Learned a level 1 spell: Summon Small Mammal
  2050 | D:2      | Reached skill level 4 in Spellcasting
  2108 | D:2      | Reached XP level 4. HP: 29/31 MP: 0/0
  2284 | D:2      | Found a faded altar of an unknown god.
  2419 | D:2      | Noticed Terence
  2424 | D:2      | Killed Terence
  2813 | D:2      | Prayed at the altar of an unknown god.
  2813 | D:2      | Became a worshipper of Cheibriados the Contemplative
  2813 | D:2      | Reached * piety under Cheibriados
  2885 | D:3      | Reached XP level 5. HP: 26/35 MP: 0/0
  2885 | D:3      | Learned a level 2 spell: Ensorcelled Hibernation
  3492 | D:3      | Reached skill level 5 in Spellcasting
  3492 | D:3      | Reached XP level 6. HP: 28/40 MP: 0/0
  3624 | D:3      | Noticed a sky beast
  3644 | D:3      | Slain by a sky beast

Illustrated notes

Levels and vault maps discovered:
D:1:      dpeg_arrival_leaves_temple_mockup, layout_loops_ring
D:2:      layout_loops_corners, shapermc_ecumenical_altar_mp_ritualfount,
          uniq_terence
D:3:      layout_rooms, st_stairs_5

Skill      XL: |  1  2  3  4  5 |
---------------+----------------+-----
Stealth        | 2 |  2.0
Spellcasting   | 4 5 |  5.2
Dodging        | |  2.5

Action                   |  1- 3 |  4- 6 || total
-------------------------+-------+-------++-------
Melee: Flail             |     5 |       ||     5
       Dagger            |    12 |     1 ||    13
 Cast: Magic Dart        |    69 |    45 ||   114
       Searing Ray       |     3 |    10 ||    13
       Summon Small Mamm |     1 |     3 ||     4
       Ensorcelled Hiber |       |     3 ||     3
  Use: Potion            |       |     2 ||     2
 Stab: Sleeping          |       |     1 ||     1
Armor: Robe              |     8 |     6 ||    14
Dodge: Dodged            |    16 |    12 ||    28

Table legend: (Time is in decaauts)
 A = Elapsed time spent in this place.
 B = Non-inter-level travel time spent in this place.
 C = Inter-level travel time spent in this place.
 D = Time resting spent in this place.
 E = Time spent auto-exploring this place.
 F = Levels seen in this place.
 G = Mean time per level.
                   A        B        C        D        E       F      G
               +--------+--------+--------+--------+--------+-----+--------+
         Total |   3703 |   3613 |     90 |      0 |   3281 |   3 | 1234.3 |
       Dungeon |   3703 |   3613 |     90 |      0 |   3281 |   3 | 1234.3 |
               +--------+--------+--------+--------+--------+-----+--------+

Top non-repeatable levels by time:
     D:1: 1569 daAuts
     D:2: 1270 daAuts
     D:3: 864 daAuts
